 Dungeon Crawl Stone Soup version 0.18.1-5-g4a78601 (webtiles) character file.

362 Dynast the Ruffian (level 6, 40/56 HPs)
             Began as a Naga Monk on May 10, 2016.
             Quit the game in the Ecumenical Temple.
             The game lasted 00:06:51 (799 turns).

Dynast the Ruffian (Naga Monk)                       Turns: 799, Time: 00:06:53

Health: 40/56      AC:  6    Str: 15    XL:     6   Next: 66%
Magic:  6/6        EV: 16    Int: 11    God:
Gold:   119        SH:  0    Dex: 13    Spells: 0 memorised, 5 levels left

rFire  . . .     SeeInvis +       - Unarmed
rCold  . . .     Gourm    .     h - +0 leather armour {rPois}
rNeg   . . .     Faith    .     (no shield)
rPois  +         Spirit   .     e - +2 helmet
rElec  .         Dismiss  .     (no cloak)
rCorr  .         Reflect  .     (no gloves)
SustAt .         Harm     .     (no barding)
MR     .....                    (no amulet)
Stlth  ++........               f - +4 ring of evasion
                                d - +2 ring of evasion

@: very slow, not resistant to hostile enchantments, unstealthy
A: see invisible, deformed body, poison resistance, slowness 2, slow metabolism
1, spit poison 2, AC +2
a: Spit Poison


You were in the Ecumenical Temple.
You were not hungry.

You visited 2 branches of the dungeon, and saw 6 of its levels.

You collected 119 gold pieces.

Inventory:

Armour
 e - a +2 helmet (worn)
 h - a +0 leather armour of poison resistance (worn)
Jewellery
 d - a +2 ring of evasion (left hand)
 f - a +4 ring of evasion (right hand)
Scrolls
 c - a scroll of blinking {unknown}
 g - a scroll of identify {unknown}
 k - a scroll of teleportation {unknown}
 m - a scroll of immolation {unknown}
 o - a scroll of fear {unknown}
Comestibles
 b - 4 bread rations
 i - a chunk of flesh
 n - a beef jerky


   Skills:
 - Level 3.0 Fighting
 - Level 2.4 Dodging
 - Level 3.0 Stealth
 + Level 7.8 Unarmed Combat


You had 5 spell levels left.
You didn't know any spells.

Dungeon Overview and Level Annotations

Branches:
Dungeon (5/15)             Temple (1/1) D:4

Altars:
Ashenzari
Dithmenos
Elyvilon
Makhleb
Okawaru
Trog
Xom
Zin


Innate Abilities, Weirdness & Mutations

You cannot wear boots.
Your serpentine skin is tough (AC +2).
You have supernaturally acute eyesight.
Armour fits poorly on your strangely shaped body.
Your system is resistant to poisons.
You cover ground very slowly.
You have a slow metabolism.
You can spit poison.


Message History

Found a hunting sling.
The ooze hits you.
There is a staircase to the Ecumenical Temple here.
The ooze barely misses you.
Your magical contamination has completely faded away.
You climb downwards.
Welcome to the Ecumenical Temple!
There is a staircase back to the Dungeon here.
Unknown command.
Unknown command.
Unknown command.
You punch the ooze! You punch the ooze.
You kill the ooze!
No target in view!
Found a shattered altar of Ashenzari.
Found a white marble altar of Elyvilon.
Found a shadowy altar of Dithmenos and a bloodstained altar of Trog.
There is a staircase back to the Dungeon here.
Found a glowing silver altar of Zin and an iron altar of Okawaru.
There is a staircase back to the Dungeon here.
Are you sure you want to abandon this character and quit the game? (Confirm with "yes".)

#≈≈≈.._..≈≈≈##
#######≈≈≈.......≈≈≈#######
≈≈≈≈≈≈≈≈≈≈≈≈......≈≈≈≈≈≈≈≈≈
.....≈≈≈≈≈≈≈≈≈.....≈≈≈.....
_.........≈≈≈≈≈....≈≈≈≈..._
..............≈....≈≈≈.....
....≈≈≈≈≈≈........≈≈≈......
.≈≈≈≈≈≈.........≈≈≈......≈≈
≈≈≈≈≈........@........≈≈≈≈≈
≈≈......≈≈≈.........≈≈≈≈≈≈.
......≈≈≈........≈≈≈≈≈≈....
.....≈≈≈....≈..............
_...≈≈≈≈....≈≈≈≈≈........._
.....≈≈≈.....≈≈≈≈≈≈≈≈≈.....
≈≈≈≈≈≈≈≈≈......≈≈≈≈≈≈≈≈≈≈≈≈
#######≈≈≈.......≈≈≈#######
≈≈.._..≈≈≈##


There were no monsters in sight!

Vanquished Creatures
  Eustachio (D:4)
  2 crimson imps (D:3)
  2 orc priests (D:3)
  Natasha (D:2)
  A worker ant (D:4)
  2 adders
  2 oozes
  A worm (D:2)
  3 orcs (D:3)
  A giant cockroach (D:1)
  2 goblins
  2 hobgoblins
  4 jackals (D:1)
  2 kobolds
  A quokka (D:3)
  A ball python (D:1)
  4 bats (D:1)
  2 giant newts
  6 rats
40 creatures vanquished.

Notes
Turn   | Place    | Note
--------------------------------------------------------------
     0 | D:1      | Dynast the Naga Monk began the quest for the Orb.
     0 | D:1      | Reached XP level 1. HP: 21/21 MP: 1/1
    96 | D:1      | Reached XP level 2. HP: 27/28 MP: 2/2
   198 | D:2      | Reached skill level 5 in Unarmed Combat
   198 | D:2      | Reached XP level 3. HP: 30/34 MP: 3/3
   282 | D:2      | Noticed Natasha
   300 | D:2      | Killed Natasha
   300 | D:2      | Reached XP level 4. HP: 23/42 MP: 4/4
   397 | D:3      | Found a shimmering altar of Xom.
   398 | D:3      | Found a burning altar of Makhleb.
   404 | D:3      | Reached skill level 6 in Unarmed Combat
   426 | D:3      | Found a shimmering altar of Xom.
   431 | D:3      | Reached XP level 5. HP: 31/49 MP: 5/5
   437 | D:3      | HP: 1/49 [orc priest/divine providence (15)]
   443 | D:3      | HP: 2/49 [orc/falchion (5)]
   601 | D:4      | Found an iron altar of Okawaru.
   616 | D:5      | Entered Level 5 of the Dungeon
   645 | D:4      | Reached skill level 7 in Unarmed Combat
   645 | D:4      | Reached XP level 6. HP: 47/56 MP: 6/6
   683 | D:4      | Noticed Eustachio
   706 | D:4      | Killed Eustachio
   764 | D:4      | Found a staircase to the Ecumenical Temple.
   773 | Temple   | Entered the Ecumenical Temple
   799 | Temple   | Quit the game

Skill      XL: |  1  2  3  4  5 |
---------------+----------------+-----
Unarmed Combat | 5 6 7 |  7.8
Fighting       | |  3.0
Dodging        | |  2.4
Stealth        | |  3.0

Action                   |  1- 3 |  4- 6 || total
-------------------------+-------+-------++-------
Melee: Unarmed           |    58 |    66 ||   124
       Punch             |     1 |     4 ||     5
 Abil: Spit Poison       |    17 |    13 ||    30
  Use: Potion            |       |     5 ||     5
       Scroll            |       |     2 ||     2
 Stab: Sleeping          |     1 |       ||     1
       Invisible         |       |     4 ||     4
  Eat: Chunk             |       |     1 ||     1
Armor: Robe              |     5 |    11 ||    16
Dodge: Dodged            |    44 |    73 ||   117
